 Dungeon Crawl Stone Soup version 0.30.1-3-gfc49f6343a (webtiles) character file.

Game seed: 7931484126964019821

63 Martska the Trooper (level 4, -7/48 HPs)
             Began as an Ogre Gladiator on July 19, 2023.
             Killed by nerve-wracking pain
             ... invoked by Jessica
              (13 damage)
             ... on level 3 of the Dungeon.
             The game lasted 00:01:42 (1107 turns).

Martska the Trooper (Ogre Gladiator)                Turns: 1107, Time: 00:01:42

Health: -7/48      AC:  3    Str: 20    XL:     4   Next: 9%
Magic:  4/4        EV: 10    Int:  9    God:
Gold:   93         SH:  0    Dex: 10    Spells: 3/3 levels left

rFire   . . .        a - +0 flail
rCold   . . .        (no shield)
rNeg    . . .        b - +0 robe
rPois   .            c - +0 hat
rElec   .            (no cloak)
rCorr   .            (gloves unavailable)
SInv    .            (boots unavailable)
Will    .....        (no amulet)
Stlth   +            (no ring)
HPRegen 0.28/turn    (no ring)
MPRegen 0.09/turn

%: no passive effects
@: no status effects
A: large, unfitting armour, tough skin 1
a: no special abilities


You were on level 3 of the Dungeon.
You visited 1 branch of the dungeon, and saw 3 of its levels.

You collected 93 gold pieces.

Inventory:

Hand Weapons
 a - a +0 flail (weapon)
 k - the +0 dagger of the Crafting Owl {flame, rF++ Int-3 Dex+6}
   (You found it on level 3 of the Dungeon)

   Int:       It affects your intelligence (-3).
   Dex:       It affects your dexterity (+6).
   rF:        It greatly protects you from fire.
Missiles
 d - 3 throwing nets (quivered)
 e - a large rock
Armour
 b - a +0 robe (worn)
 c - a +0 hat (worn)
Scrolls
 f - 3 scrolls of identify {unknown}
 h - a scroll of immolation {unknown}
Potions
 g - a potion of heal wounds {unknown}
 i - a potion of might {unknown}
 j - a potion of mutation {unknown}
 l - a potion of degeneration {unknown}


   Skills:
 * Level 3.9 Fighting
 * Level 3.3 Maces & Flails
 - Level 2.0 Throwing
 * Level 3.3 Dodging


You had 3 spell levels left.
You didn't know any spells.
Your spell library contained the following spells:

 Spells                   Type           Power      Damage    Failure   Level
 Freeze                   Ice            0%         1d3       38%         1
 Blink                    Tloc           0%         N/A       52%         2
 Lesser Beckoning         Tloc           0%         N/A       52%         2
 Momentum Strike          Conj/Tloc      0%         3d8       52%         2
 Frozen Ramparts          Ice            0%         1d1       77%         3
 Hailstorm                Conj/Ice       0%         3d3       77%         3


Dungeon Overview and Level Annotations

Branches:
Dungeon (3/15)

Altars:

Annotations:
D:3 Jessica


Innate Abilities, Weirdness & Mutations

You are too large for most types of armour.
You have tough skin. (AC +1)


Message History

You have reached level 4!
You thump the bat!
You kill the bat!
The endoplasm hits you but does no damage.
You thump the endoplasm!
You kill the endoplasm!
You see here a bat corpse.
Found a cyan potion.
Found a stone staircase leading up.
Found a metallic coppery potion.
There is a stone staircase leading up here.
Jessica the Apprentice Sorceress comes into view.
She is wielding a +0 dagger.
Jessica shouts!
You hear a shout! x2
Jessica moves out of view.
An orc wizard comes into view. It is wielding a +0 dagger.
The orc wizard shouts!
You hear a shout!
The gnoll shouts!
You hear a shout!
Jessica mumbles some strange words.
Jessica blinks!
Jessica hits you with a +0 dagger. Jessica attacks as you move away!
Jessica hits you with a +0 dagger.
The orc wizard gestures wildly while chanting.
The orc wizard flickers and vanishes!
Deactivating autopickup; reactivate with Ctrl-A.
The gnoll closely misses you.
You see here a cyan potion.
l - a cyan potion The gnoll hits you from afar with a +0 spear!
A puff of flame appears from out of thin air!
The puff of flame hits you!
The gnoll hits you from afar with a +0 spear.
Jessica barely misses you.
The gnoll hits you from afar with a +0 spear.
The gnoll closely misses you. Jessica hits you with a +0 dagger.
* * * LOW HITPOINT WARNING * * *
The gnoll hits you with a +0 spear.
* * * LOW HITPOINT WARNING * * *
Jessica casts a spell at you. Pain shoots through your body!
You die...

..... #............
......###.#......#
#......#<......#
#!..........#..#
#...#.......#†## .
#.........###)# . #
#.......@.##.)# #. #
#..<..g..##..## #.##
#.....@.g##.## ###...
#...........### ......
#........#.....###......
...#.#.###.###..#.......
.. #.#.##...............
. #......#.###..>......
#........#...#.######
#...####...###.# #
.........### .## #


You could see 2 gnolls and Jessica.

Vanquished Creatures
  2 gnolls (D:3)
  A dart slug (D:1)
  4 bats
  5 endoplasms
  A giant cockroach (D:1)
  2 goblins (D:1)
  6 hobgoblins
  3 jackals (D:1)
  A quokka (D:1)
  6 ball pythons (D:1)
  3 kobolds
  5 rats
39 creatures vanquished.

Notes
Turn   | Place    | Note
-------+----------+-------------------------------------------
     0 | D:1      | Martska the Ogre Gladiator began the quest for the Orb.
     0 | D:1      | Reached XP level 1. HP: 22/22 MP: 1/1
    66 | D:1      | Reached XP level 2. HP: 28/31 MP: 2/2
   285 | D:1      | Reached XP level 3. HP: 37/37 MP: 3/3
  1033 | D:2      | You fall into a shaft and drop 1 floor!
  1065 | D:3      | Identified the +0 dagger of the Crafting Owl {flame, rF++
                  | Int-3 Dex+6}
  1090 | D:3      | Reached XP level 4. HP: 41/48 MP: 4/4
  1100 | D:3      | Noticed Jessica
  1107 | D:3      | Killed from afar by Jessica

Illustrated notes

Levels and vault maps discovered:
D:1:      dpeg_arrival_more_subterranean_lakeside_camping, layout_rooms,
          minmay_misc_feat_plants, wad_floor_pattern_1, grunt_decor_arrowhead
D:2:      wander_river, layout_loops_corners, serial_shops, shop,
          hellmonk_ecumenical_altar_zigzags
D:3:      layout_rooms, mainiacjoe_overflow_boulevard, xom_confusion_cloud,
          uniq_jessica, uniq_natasha

Skill      XL: |  1  2 |
---------------+-------+-----
Fighting       | 3 |  3.9
Dodging        | 3 |  3.3
Maces & Flails | 3 |  3.3
Throwing       | |  2.0

Action                     |  1- 3 |  4- 6 || total
---------------------------+-------+-------++-------
  Melee: Flail             |   102 |     2 ||   104
         Punch             |     1 |       ||     1
   Stab: Sleeping          |     1 |       ||     1
 Armour: Robe              |    42 |     1 ||    43
  Dodge: Dodged            |    91 |     3 ||    94
